[ PARTIDA AOE2 · #487879656 ]
UnrankedTurcos vs Byzantines
[ ANÁLISIS DE REPETICIÓN · EXTRAÍDO DE LA PARTIDA GRABADA ]
Feudal
12:11
Castillos
16:31
Imperial
21:27
| APM promedio | 30.7 |
| APM pico | 72 |
| eAPM promedio | 17.8 |
| Aldeanos / militares | 84 / 80 |
Foco
⚔️ 27.6% · 🌾 72.4%
Hand Cannoneer ×66 · Bombard Cannon ×8 · Battering Ram ×5 · Monk ×1
Feudal
11:09
Castillos
16:06
Imperial
31:28
| APM promedio | 26.5 |
| APM pico | 81 |
| eAPM promedio | 18.4 |
| Aldeanos / militares | 103 / 107 |
Foco
⚔️ 21.7% · 🌾 78.3%
Spearman ×59 · Camel Scout ×48
Feudal
10:57
Castillos
14:52
Imperial
—
| APM promedio | 28.3 |
| APM pico | 65 |
| eAPM promedio | 15.5 |
| Aldeanos / militares | 106 / 79 |
Foco
⚔️ 35.2% · 🌾 64.8%
Magyar Huszar ×66 · Scout Cavalry ×9 · Monk ×2 · Petard ×2
Feudal
10:25
Castillos
20:29
Imperial
25:05
| APM promedio | 19.7 |
| APM pico | 53 |
| eAPM promedio | 11.7 |
| Aldeanos / militares | 63 / 0 |
Foco
⚔️ 18.9% · 🌾 81.1%
Feudal
11:22
Castillos
15:21
Imperial
—
| APM promedio | 37.7 |
| APM pico | 89 |
| eAPM promedio | 20.5 |
| Aldeanos / militares | 102 / 81 |
Foco
⚔️ 23.0% · 🌾 77.0%
Knight ×74 · Monk ×5 · Spearman ×2
Feudal
10:46
Castillos
16:16
Imperial
31:28
| APM promedio | 13.1 |
| APM pico | 40 |
| eAPM promedio | 9.2 |
| Aldeanos / militares | 116 / 109 |
Foco
⚔️ 20.7% · 🌾 79.3%
Spearman ×80 · Organ Gun ×29
Mapa de la partida
Recursos iniciales + cada clic de construcción. Líneas = muros · curvas = relieve. ◆ oro · ⬟ piedra · ● bayas · ✦ reliquia · ◌ hueco del cierre
Tu base· ✓ Cerrada en 16:31 · 0t muro · 3 puerta(s)
Base de abichonk· ✓ Cerrada en 16:06 · 0t muro · 2 puerta(s)
Base de LMG_Leonardo· ✓ Cerrada en 14:52 · 0t muro · 2 puerta(s)
Base de Rovey· ✓ Cerrada en 20:29 · 0t muro · 2 puerta(s)
Base de LMG_HERA DE TEMU· ✓ Cerrada en 15:21 · 0t muro · 3 puerta(s)
Base de Tutmosis· ✓ Cerrada en 16:16 · 0t muro · 3 puerta(s)
Terreno inicial suavizado · ◌ = hueco del cierre detectado · pasá el cursor para detalles
Inputs por minuto
— LMG_SON SABANDIJAS - - abichonk
Build order — LMG_SON SABANDIJAS
Primeras 150 de 259 acciones detectadas
| 0:01 | Crear | Villager (Male) |
| 0:01 | Crear | Villager (Male) |
| 0:02 | Crear | Villager (Male) |
| 0:04 | Construir | House |
| 0:06 | Crear | Villager (Male) |
| 0:06 | Crear | Villager (Male) |
| 0:31 | Construir | House |
| 0:51 | Construir | House |
| 0:53 | Construir | House |
| 1:22 | Crear | Villager (Male) |
| 1:22 | Crear | Villager (Male) |
| 2:02 | Crear | Villager (Male) |
| 2:02 | Crear | Villager (Male) |
| 2:02 | Crear | Villager (Male) |
| 2:14 | Construir | Lumber Camp |
| 2:23 | Crear | Villager (Male) |
| 2:23 | Crear | Villager (Male) |
| 2:47 | Crear | Villager (Male) |
| 3:15 | Crear | Villager (Male) |
| 3:16 | Crear | Villager (Male) |
| 3:42 | Crear | Villager (Male) |
| 3:42 | Crear | Villager (Male) |
| 3:42 | Crear | Villager (Male) |
| 4:03 | Crear | Villager (Male) |
| 4:03 | Crear | Villager (Male) |
| 4:26 | Crear | Villager (Male) |
| 4:26 | Crear | Villager (Male) |
| 4:39 | Construir | House |
| 4:49 | Crear | Villager (Male) |
| 4:49 | Crear | Villager (Male) |
| 4:59 | Construir | House |
| 5:02 | Crear | Villager (Male) |
| 5:03 | Crear | Villager (Male) |
| 5:03 | Crear | Villager (Male) |
| 5:14 | Construir | Mill |
| 5:24 | Crear | Villager (Male) |
| 5:24 | Crear | Villager (Male) |
| 5:33 | Construir | House |
| 6:02 | Crear | Villager (Male) |
| 6:02 | Crear | Villager (Male) |
| 6:02 | Crear | Villager (Male) |
| 6:38 | Construir | Lumber Camp |
| 6:43 | Crear | Villager (Male) |
| 6:56 | Crear | Villager (Male) |
| 7:08 | Crear | Villager (Male) |
| 7:20 | Crear | Villager (Male) |
| 7:32 | Construir | Farm |
| 7:33 | Crear | Villager (Male) |
| 8:01 | Construir | Mining Camp |
| 8:05 | Crear | Villager (Male) |
| 8:25 | Construir | Farm |
| 8:30 | Construir | Farm |
| 8:32 | Crear | Villager (Male) |
| 9:53 | Investigar | Feudal Age |
| 10:05 | Construir | Farm |
| 10:27 | Construir | Farm |
| 10:28 | Construir | Farm |
| 10:58 | Crear | Villager (Male) |
| 10:59 | Crear | Villager (Male) |
| 11:30 | Crear | Villager (Male) |
| 11:30 | Crear | Villager (Male) |
| 12:11 | Edad | Edad Feudal |
| 12:14 | Crear | Villager (Male) |
| 12:23 | Construir | Market |
| 12:26 | Construir | Blacksmith |
| 12:45 | Construir | Farm |
| 12:53 | Construir | Farm |
| 13:02 | Investigar | Double-Bit Axe |
| 13:03 | Investigar | Horse Collar |
| 13:05 | Crear | Villager (Male) |
| 13:48 | Investigar | Castle Age |
| 13:49 | Investigar | Castle Age |
| 14:00 | Construir | Farm |
| 14:03 | Construir | Farm |
| 14:15 | Construir | Farm |
| 14:38 | Crear | Villager (Male) |
| 14:38 | Crear | Villager (Male) |
| 14:39 | Crear | Villager (Male) |
| 15:27 | Crear | Villager (Male) |
| 15:27 | Crear | Villager (Male) |
| 15:27 | Crear | Villager (Male) |
| 15:43 | Crear | Villager (Male) |
| 15:43 | Investigar | Loom |
| 16:31 | Edad | Edad de los Castillos |
| 16:35 | Construir | Siege Workshop |
| 16:45 | Construir | Monastery |
| 17:06 | Construir | House |
| 17:36 | Construir | House |
| 17:44 | Crear | Villager (Male) |
| 18:17 | Investigar | Imperial Age |
| 18:27 | Construir | Barracks |
| 18:57 | Crear | Monk |
| 19:42 | Construir | Archery Range |
| 19:44 | Construir | Archery Range |
| 20:23 | Investigar | Padded Archer Armor |
| 20:28 | Crear | Villager (Male) |
| 20:28 | Crear | Villager (Male) |
| 20:29 | Crear | Villager (Male) |
| 20:45 | Construir | House |
| 20:47 | Construir | House |
| 21:10 | Investigar | Gold Mining |
| 21:27 | Edad | Edad Imperial |
| 21:29 | Crear | Hand Cannoneer |
| 21:29 | Crear | Hand Cannoneer |
| 21:30 | Crear | Hand Cannoneer |
| 21:32 | Crear | Bombard Cannon |
| 21:32 | Crear | Bombard Cannon |
| 21:53 | Crear | Hand Cannoneer |
| 21:53 | Crear | Hand Cannoneer |
| 21:57 | Crear | Hand Cannoneer |
| 21:57 | Crear | Hand Cannoneer |
| 22:00 | Crear | Villager (Male) |
| 22:01 | Crear | Villager (Male) |
| 22:07 | Construir | House |
| 22:09 | Construir | House |
| 22:11 | Construir | House |
| 22:15 | Crear | Hand Cannoneer |
| 22:15 | Crear | Hand Cannoneer |
| 22:34 | Construir | Farm |
| 22:36 | Crear | Villager (Male) |
| 22:42 | Crear | Hand Cannoneer |
| 22:57 | Construir | Farm |
| 22:58 | Crear | Villager (Male) |
| 23:04 | Crear | Hand Cannoneer |
| 23:04 | Crear | Hand Cannoneer |
| 23:16 | Construir | Farm |
| 23:19 | Construir | Farm |
| 23:20 | Crear | Villager (Male) |
| 23:25 | Crear | Hand Cannoneer |
| 23:26 | Crear | Hand Cannoneer |
| 23:26 | Crear | Hand Cannoneer |
| 23:30 | Construir | House |
| 23:34 | Construir | House |
| 23:48 | Crear | Hand Cannoneer |
| 23:48 | Crear | Hand Cannoneer |
| 23:48 | Crear | Hand Cannoneer |
| 23:58 | Construir | House |
| 24:08 | Crear | Bombard Cannon |
| 24:10 | Crear | Hand Cannoneer |
| 24:10 | Crear | Hand Cannoneer |
| 24:15 | Construir | Farm |
| 24:17 | Crear | Villager (Male) |
| 24:17 | Crear | Villager (Male) |
| 24:49 | Crear | Hand Cannoneer |
| 24:49 | Crear | Hand Cannoneer |
| 24:57 | Crear | Hand Cannoneer |
| 24:58 | Crear | Hand Cannoneer |
| 24:58 | Crear | Hand Cannoneer |
| 25:24 | Crear | Bombard Cannon |
| 25:39 | Crear | Hand Cannoneer |
Build order — abichonk
Primeras 150 de 275 acciones detectadas
| 0:00 | Crear | Villager (Male) ×4 |
| 0:02 | Construir | House |
| 0:04 | Construir | House |
| 1:35 | Crear | Villager (Male) |
| 1:48 | Construir | Lumber Camp |
| 2:01 | Crear | Villager (Male) |
| 2:24 | Crear | Villager (Male) |
| 2:49 | Crear | Villager (Male) |
| 2:55 | Construir | House |
| 3:02 | Construir | House |
| 3:06 | Crear | Villager (Male) |
| 3:37 | Crear | Villager (Male) |
| 3:55 | Crear | Villager (Male) |
| 4:05 | Construir | House |
| 4:25 | Crear | Villager (Male) |
| 4:53 | Crear | Villager (Male) |
| 5:26 | Crear | Villager (Male) |
| 6:04 | Crear | Villager (Male) |
| 6:15 | Crear | Villager (Male) |
| 6:19 | Crear | Villager (Male) |
| 6:19 | Crear | Villager (Male) |
| 6:39 | Construir | Mill |
| 6:50 | Construir | Mill |
| 6:54 | Crear | Villager (Male) |
| 6:54 | Crear | Villager (Male) |
| 6:54 | Crear | Villager (Male) |
| 7:14 | Construir | Mill |
| 7:59 | Construir | Farm |
| 8:13 | Construir | Farm |
| 8:34 | Investigar | Feudal Age |
| 8:59 | Construir | Farm |
| 9:25 | Construir | Mining Camp |
| 10:35 | Crear | Villager (Male) |
| 11:09 | Edad | Edad Feudal |
| 11:11 | Investigar | Double-Bit Axe |
| 11:17 | Construir | Market |
| 11:21 | Construir | Farm |
| 11:26 | Crear | Villager (Male) |
| 11:32 | Construir | Blacksmith |
| 11:52 | Investigar | Wheelbarrow |
| 12:03 | Construir | Farm |
| 12:24 | Construir | House |
| 12:36 | Construir | House |
| 13:00 | Investigar | Loom |
| 13:26 | Investigar | Castle Age |
| 13:40 | Investigar | Horse Collar |
| 14:09 | Construir | Farm |
| 15:09 | Crear | Villager (Male) |
| 16:06 | Edad | Edad de los Castillos |
| 16:09 | Construir | Town Center |
| 16:14 | Construir | Town Center |
| 16:16 | Investigar | Bow Saw |
| 16:17 | Investigar | Heavy Plow |
| 16:19 | Crear | Villager (Male) |
| 16:25 | Construir | Farm |
| 16:50 | Crear | Villager (Male) |
| 16:52 | Construir | Farm |
| 16:59 | Construir | Farm |
| 16:59 | Construir | Farm |
| 17:00 | Construir | Farm |
| 17:08 | Crear | Villager (Male) |
| 17:08 | Crear | Villager (Male) |
| 17:17 | Construir | Farm |
| 17:24 | Construir | Farm |
| 17:26 | Crear | Villager (Male) ×3 |
| 17:41 | Construir | Farm |
| 17:48 | Crear | Villager (Male) ×2 |
| 17:54 | Construir | Farm |
| 17:55 | Construir | Farm |
| 17:59 | Crear | Villager (Male) |
| 18:04 | Construir | Farm |
| 18:08 | Construir | Farm |
| 18:18 | Construir | Farm |
| 18:25 | Crear | Villager (Male) |
| 18:29 | Construir | Farm |
| 18:29 | Construir | Farm |
| 18:29 | Construir | Farm |
| 18:29 | Construir | Farm |
| 18:30 | Crear | Villager (Male) |
| 18:37 | Construir | Farm |
| 18:38 | Crear | Villager (Male) |
| 18:43 | Construir | Farm |
| 18:49 | Construir | Farm |
| 18:57 | Crear | Villager (Male) |
| 19:00 | Construir | Farm |
| 19:06 | Construir | Farm |
| 19:07 | Crear | Villager (Male) |
| 19:12 | Crear | Villager (Male) |
| 19:17 | Crear | Villager (Male) |
| 19:20 | Construir | Farm |
| 19:25 | Construir | Farm |
| 19:35 | Construir | Farm |
| 19:37 | Crear | Villager (Male) ×2 |
| 19:44 | Construir | Farm |
| 19:45 | Crear | Villager (Male) |
| 19:54 | Construir | House |
| 19:59 | Construir | Farm |
| 20:00 | Construir | Farm |
| 20:01 | Crear | Villager (Male) ×2 |
| 20:06 | Construir | House |
| 20:07 | Construir | House |
| 20:08 | Construir | House |
| 20:09 | Construir | House |
| 20:10 | Construir | House |
| 20:12 | Crear | Villager (Male) ×2 |
| 20:16 | Construir | House |
| 20:23 | Construir | Farm |
| 20:25 | Crear | Villager (Male) ×2 |
| 20:41 | Construir | Farm |
| 20:42 | Construir | Farm |
| 20:42 | Construir | Farm |
| 20:52 | Crear | Villager (Male) ×5 |
| 21:00 | Construir | House |
| 21:00 | Construir | House |
| 21:05 | Construir | Farm |
| 21:06 | Construir | Farm |
| 21:07 | Crear | Villager (Male) |
| 21:16 | Construir | Lumber Camp |
| 21:18 | Crear | Villager (Male) ×5 |
| 21:25 | Construir | Farm |
| 21:25 | Construir | Farm |
| 21:26 | Construir | Farm |
| 21:28 | Crear | Villager (Male) |
| 21:33 | Crear | Villager (Male) |
| 21:51 | Construir | Barracks |
| 22:16 | Investigar | Scale Barding Armor |
| 22:33 | Construir | Stable |
| 22:34 | Construir | Stable |
| 22:37 | Crear | Villager (Male) ×5 |
| 22:40 | Investigar | Gold Mining |
| 22:47 | Construir | Farm |
| 22:47 | Construir | Farm |
| 22:48 | Construir | Farm |
| 22:48 | Construir | Farm |
| 22:48 | Construir | Farm |
| 22:49 | Construir | Farm |
| 22:49 | Construir | Farm |
| 22:49 | Construir | Farm |
| 22:49 | Construir | Farm |
| 22:57 | Investigar | Forging |
| 23:02 | Investigar | Chain Barding Armor |
| 23:05 | Construir | Farm |
| 23:05 | Construir | Farm |
| 23:06 | Construir | Farm |
| 23:16 | Crear | Camel Scout ×2 |
| 23:26 | Crear | Camel Scout ×2 |
| 23:37 | Construir | Stable |
| 23:44 | Construir | Farm |
| 23:45 | Construir | Farm |
| 23:46 | Construir | Farm |
Build order — LMG_Leonardo
Primeras 150 de 302 acciones detectadas
| 0:01 | Crear | Villager (Male) |
| 0:01 | Crear | Villager (Male) |
| 0:01 | Crear | Villager (Male) |
| 0:02 | Crear | Villager (Male) |
| 0:02 | Construir | House |
| 0:04 | Construir | House |
| 1:25 | Crear | Villager (Male) |
| 1:44 | Construir | Lumber Camp |
| 1:58 | Crear | Villager (Male) |
| 1:58 | Crear | Villager (Male) |
| 2:23 | Crear | Villager (Male) |
| 2:46 | Crear | Villager (Male) |
| 2:46 | Crear | Villager (Male) |
| 3:07 | Crear | Villager (Male) |
| 3:24 | Construir | House |
| 3:25 | Construir | House |
| 3:27 | Construir | House |
| 3:33 | Crear | Villager (Male) |
| 3:48 | Crear | Villager (Male) |
| 4:37 | Crear | Villager (Male) |
| 4:37 | Crear | Villager (Male) |
| 4:38 | Crear | Villager (Male) |
| 4:41 | Construir | Mill |
| 5:15 | Crear | Villager (Male) |
| 5:16 | Crear | Villager (Male) |
| 5:44 | Crear | Villager (Male) |
| 6:24 | Crear | Villager (Male) |
| 6:24 | Crear | Villager (Male) |
| 7:09 | Crear | Villager (Male) |
| 7:28 | Crear | Villager (Male) |
| 7:55 | Construir | Mining Camp |
| 8:20 | Crear | Villager (Male) |
| 8:31 | Investigar | Feudal Age |
| 10:08 | Crear | Villager (Male) |
| 10:08 | Crear | Villager (Male) |
| 10:25 | Construir | Farm |
| 10:25 | Construir | Farm |
| 10:57 | Edad | Edad Feudal |
| 11:14 | Construir | Market |
| 11:22 | Construir | Blacksmith |
| 11:24 | Investigar | Loom |
| 11:58 | Construir | Mining Camp |
| 12:09 | Investigar | Castle Age |
| 13:27 | Construir | Farm |
| 13:34 | Construir | House |
| 14:11 | Investigar | Double-Bit Axe |
| 14:12 | Crear | Villager (Male) |
| 14:13 | Crear | Villager (Male) |
| 14:13 | Crear | Villager (Male) |
| 14:13 | Crear | Villager (Male) |
| 14:30 | Construir | House |
| 14:52 | Edad | Edad de los Castillos |
| 14:59 | Construir | Castle |
| 15:04 | Construir | Monastery |
| 15:07 | Construir | House |
| 15:09 | Crear | Villager (Male) |
| 15:09 | Crear | Villager (Male) |
| 15:09 | Crear | Villager (Male) |
| 15:40 | Construir | Farm |
| 15:48 | Construir | Farm |
| 15:50 | Crear | Monk |
| 15:50 | Crear | Monk |
| 16:14 | Construir | Farm |
| 16:17 | Crear | Magyar Huszar |
| 16:17 | Crear | Magyar Huszar |
| 16:21 | Construir | House |
| 16:24 | Construir | House |
| 16:33 | Construir | Farm |
| 16:58 | Crear | Villager (Male) |
| 16:58 | Crear | Villager (Male) |
| 17:06 | Construir | Farm |
| 17:06 | Construir | Farm |
| 17:14 | Construir | Farm |
| 17:17 | Crear | Villager (Male) |
| 17:52 | Crear | Villager (Male) |
| 17:55 | Crear | Magyar Huszar |
| 17:55 | Crear | Magyar Huszar |
| 18:04 | Construir | Farm |
| 18:04 | Construir | Farm |
| 18:07 | Construir | Farm |
| 18:11 | Crear | Magyar Huszar |
| 18:11 | Crear | Magyar Huszar |
| 18:17 | Construir | Farm |
| 18:34 | Crear | Villager (Male) |
| 18:34 | Crear | Villager (Male) |
| 18:55 | Crear | Villager (Male) |
| 18:57 | Crear | Magyar Huszar |
| 18:57 | Crear | Magyar Huszar |
| 19:11 | Crear | Villager (Male) |
| 19:14 | Crear | Magyar Huszar |
| 19:23 | Construir | Barracks |
| 19:27 | Construir | Farm |
| 19:27 | Construir | Farm |
| 19:27 | Construir | Farm |
| 19:30 | Construir | Farm |
| 19:30 | Construir | Farm |
| 19:33 | Construir | Farm |
| 19:35 | Crear | Villager (Male) |
| 19:38 | Crear | Magyar Huszar |
| 20:02 | Construir | Farm |
| 20:08 | Investigar | Scale Barding Armor |
| 20:26 | Crear | Villager (Male) |
| 20:26 | Crear | Villager (Male) |
| 20:51 | Construir | Stable |
| 20:54 | Construir | Farm |
| 20:56 | Crear | Villager (Male) |
| 20:58 | Crear | Magyar Huszar |
| 20:58 | Crear | Magyar Huszar |
| 20:58 | Crear | Magyar Huszar |
| 20:59 | Crear | Magyar Huszar |
| 21:03 | Construir | Farm |
| 21:03 | Construir | Farm |
| 21:04 | Construir | Farm |
| 21:47 | Crear | Villager (Male) |
| 21:48 | Crear | Magyar Huszar |
| 21:49 | Crear | Magyar Huszar |
| 21:49 | Crear | Magyar Huszar |
| 21:54 | Investigar | Bloodlines |
| 22:09 | Crear | Villager (Male) |
| 22:27 | Crear | Villager (Male) |
| 22:35 | Investigar | Chain Barding Armor |
| 22:39 | Construir | Farm |
| 22:46 | Construir | Town Center |
| 22:54 | Crear | Villager (Male) |
| 22:58 | Construir | Farm |
| 23:24 | Construir | Farm |
| 23:27 | Crear | Villager (Male) |
| 23:27 | Crear | Villager (Male) |
| 23:51 | Crear | Villager (Male) |
| 23:51 | Crear | Villager (Male) |
| 23:53 | Crear | Magyar Huszar |
| 23:54 | Crear | Magyar Huszar |
| 23:54 | Crear | Magyar Huszar |
| 23:54 | Crear | Magyar Huszar |
| 23:54 | Crear | Magyar Huszar |
| 23:55 | Crear | Magyar Huszar |
| 23:55 | Crear | Magyar Huszar |
| 24:25 | Crear | Petard |
| 24:25 | Crear | Petard |
| 24:29 | Crear | Magyar Huszar |
| 24:30 | Crear | Magyar Huszar |
| 24:30 | Crear | Magyar Huszar |
| 24:30 | Crear | Magyar Huszar |
| 24:30 | Crear | Magyar Huszar |
| 24:31 | Crear | Magyar Huszar |
| 24:41 | Crear | Villager (Male) |
| 24:41 | Crear | Villager (Male) |
| 24:48 | Construir | Farm |
| 24:51 | Construir | Farm |
| 24:52 | Construir | Farm |
Build order — Rovey
115 acciones detectadas en el replay
| 0:02 | Crear | Villager (Male) ×4 |
| 0:02 | Crear | Villager (Male) ×4 |
| 0:03 | Construir | House |
| 0:05 | Construir | House |
| 1:25 | Crear | Villager (Male) |
| 1:46 | Construir | Lumber Camp |
| 2:04 | Crear | Villager (Male) |
| 2:21 | Crear | Villager (Male) |
| 2:54 | Crear | Villager (Male) |
| 3:07 | Crear | Villager (Male) |
| 3:07 | Crear | Villager (Male) |
| 3:10 | Construir | House |
| 3:11 | Construir | House |
| 3:46 | Crear | Villager (Male) |
| 3:46 | Crear | Villager (Male) |
| 4:08 | Crear | Villager (Male) |
| 4:08 | Crear | Villager (Male) |
| 4:41 | Crear | Villager (Male) |
| 4:41 | Crear | Villager (Male) |
| 5:08 | Crear | Villager (Male) |
| 5:08 | Crear | Villager (Male) |
| 5:27 | Construir | Mill |
| 5:53 | Crear | Villager (Male) |
| 5:54 | Crear | Villager (Male) |
| 5:54 | Crear | Villager (Male) |
| 6:10 | Crear | Villager (Male) |
| 6:50 | Construir | Lumber Camp |
| 6:58 | Crear | Villager (Male) |
| 6:58 | Crear | Villager (Male) |
| 7:21 | Construir | Mill |
| 7:33 | Investigar | Loom |
| 8:15 | Investigar | Feudal Age |
| 8:58 | Construir | House |
| 8:59 | Construir | House |
| 9:07 | Construir | House |
| 9:30 | Construir | Mining Camp |
| 9:36 | Construir | Mining Camp |
| 10:10 | Crear | Villager (Male) |
| 10:10 | Crear | Villager (Male) |
| 10:11 | Crear | Villager (Male) |
| 10:11 | Crear | Villager (Male) |
| 10:25 | Edad | Edad Feudal |
| 10:26 | Investigar | Double-Bit Axe |
| 10:26 | Investigar | Double-Bit Axe |
| 10:27 | Investigar | Horse Collar |
| 10:30 | Investigar | Gold Mining |
| 10:47 | Crear | Villager (Male) |
| 10:48 | Crear | Villager (Male) |
| 10:48 | Crear | Villager (Male) |
| 11:26 | Investigar | Stone Mining |
| 11:29 | Construir | Mining Camp |
| 11:32 | Crear | Villager (Male) |
| 12:18 | Crear | Villager (Male) |
| 12:18 | Crear | Villager (Male) |
| 12:18 | Crear | Villager (Male) |
| 12:18 | Crear | Villager (Male) |
| 12:33 | Construir | Farm |
| 12:59 | Construir | Farm |
| 13:23 | Construir | Farm |
| 13:25 | Crear | Villager (Male) |
| 13:48 | Construir | Farm |
| 13:51 | Crear | Villager (Male) |
| 14:02 | Construir | Farm |
| 14:03 | Construir | Farm |
| 14:04 | Construir | Farm |
| 14:05 | Construir | Farm |
| 14:06 | Construir | Farm |
| 14:15 | Crear | Villager (Male) |
| 14:23 | Construir | Farm |
| 14:31 | Construir | Market |
| 14:33 | Construir | Blacksmith |
| 14:48 | Construir | Farm |
| 14:50 | Construir | Farm |
| 14:53 | Crear | Villager (Male) |
| 15:06 | Construir | Farm |
| 15:07 | Crear | Villager (Male) |
| 15:28 | Construir | Farm |
| 15:38 | Crear | Villager (Male) |
| 15:49 | Construir | House |
| 15:56 | Construir | Farm |
| 16:15 | Crear | Villager (Male) |
| 16:19 | Construir | Farm |
| 16:46 | Investigar | Castle Age |
| 16:49 | Investigar | Wheelbarrow |
| 16:50 | Investigar | Wheelbarrow |
| 17:15 | Investigar | Castle Age |
| 17:38 | Construir | House |
| 17:39 | Construir | House |
| 17:39 | Construir | House |
| 17:42 | Construir | House |
| 19:33 | Investigar | Fletching |
| 20:29 | Edad | Edad de los Castillos |
| 20:34 | Construir | University |
| 20:46 | Construir | Castle |
| 20:50 | Crear | Villager (Male) |
| 20:52 | Investigar | Town Watch |
| 20:56 | Crear | Villager (Male) |
| 21:21 | Investigar | Bodkin Arrow |
| 21:55 | Investigar | Imperial Age |
| 22:09 | Construir | Mining Camp |
| 22:24 | Construir | Barracks |
| 22:28 | Construir | House |
| 23:08 | Construir | House |
| 23:59 | Construir | Stone Wall |
| 24:44 | Construir | Stone Wall |
| 25:05 | Edad | Edad Imperial |
| 25:07 | Investigar | Crenellations |
| 25:10 | Construir | Siege Workshop |
| 25:27 | Construir | Town Center |
| 26:25 | Construir | Market |
| 26:29 | Crear | Villager (Male) ×5 |
| 26:29 | Crear | Villager (Male) ×5 |
| 26:49 | Construir | Town Center |
| 27:34 | Crear | Villager (Male) ×2 |
| 27:34 | Crear | Villager (Male) ×2 |
Build order — LMG_HERA DE TEMU
Primeras 150 de 312 acciones detectadas
| 0:02 | Crear | Villager (Male) |
| 0:02 | Crear | Villager (Male) |
| 0:02 | Crear | Villager (Male) |
| 0:03 | Crear | Villager (Male) |
| 0:03 | Crear | Villager (Male) |
| 0:04 | Construir | House |
| 0:06 | Construir | House |
| 1:33 | Crear | Villager (Male) |
| 1:33 | Crear | Villager (Male) |
| 1:57 | Crear | Villager (Male) |
| 1:58 | Crear | Villager (Male) |
| 2:23 | Construir | Lumber Camp |
| 2:26 | Crear | Villager (Male) |
| 2:27 | Crear | Villager (Male) |
| 2:37 | Crear | Villager (Male) |
| 2:37 | Crear | Villager (Male) |
| 2:37 | Crear | Villager (Male) |
| 3:08 | Crear | Villager (Male) |
| 3:09 | Crear | Villager (Male) |
| 3:19 | Crear | Villager (Male) |
| 3:19 | Crear | Villager (Male) |
| 3:19 | Crear | Villager (Male) |
| 3:32 | Crear | Villager (Male) |
| 3:52 | Crear | Villager (Male) |
| 3:53 | Crear | Villager (Male) |
| 4:13 | Construir | House |
| 4:23 | Construir | Mill |
| 4:31 | Crear | Villager (Male) |
| 4:32 | Crear | Villager (Male) |
| 4:32 | Crear | Villager (Male) |
| 4:47 | Construir | House |
| 4:57 | Crear | Villager (Male) |
| 4:58 | Crear | Villager (Male) |
| 5:23 | Construir | House |
| 5:27 | Crear | Villager (Male) |
| 5:27 | Crear | Villager (Male) |
| 6:35 | Investigar | Loom |
| 6:36 | Investigar | Loom |
| 6:49 | Construir | Mill |
| 6:52 | Crear | Villager (Male) |
| 6:52 | Crear | Villager (Male) |
| 7:28 | Crear | Villager (Male) |
| 7:28 | Crear | Villager (Male) |
| 7:28 | Crear | Villager (Male) |
| 7:37 | Construir | Farm |
| 7:39 | Construir | Farm |
| 8:47 | Investigar | Feudal Age |
| 8:55 | Construir | Mining Camp |
| 9:36 | Crear | Villager (Male) |
| 9:36 | Crear | Villager (Male) |
| 9:48 | Construir | Farm |
| 9:49 | Construir | Farm |
| 10:12 | Construir | Farm |
| 11:22 | Edad | Edad Feudal |
| 11:26 | Construir | Blacksmith |
| 11:36 | Construir | Market |
| 12:17 | Construir | House |
| 12:41 | Investigar | Castle Age |
| 12:41 | Investigar | Castle Age |
| 12:42 | Investigar | Castle Age |
| 13:03 | Construir | Barracks |
| 13:29 | Crear | Villager (Male) |
| 13:29 | Crear | Villager (Male) |
| 13:37 | Investigar | Double-Bit Axe |
| 14:06 | Construir | House |
| 14:19 | Construir | Stable |
| 14:25 | Construir | House |
| 15:21 | Edad | Edad de los Castillos |
| 15:28 | Construir | Monastery |
| 15:30 | Investigar | Cavalier (upgrade) |
| 15:42 | Investigar | Scale Barding Armor |
| 15:47 | Investigar | Gold Mining |
| 16:01 | Crear | Villager (Male) |
| 16:01 | Crear | Villager (Male) |
| 16:04 | Construir | House |
| 16:05 | Construir | House |
| 16:10 | Crear | Monk |
| 16:13 | Crear | Spearman |
| 16:17 | Construir | House |
| 16:18 | Construir | House |
| 16:34 | Crear | Villager (Male) |
| 16:34 | Crear | Villager (Male) |
| 16:40 | Crear | Monk |
| 17:03 | Construir | Farm |
| 17:08 | Crear | Knight |
| 17:08 | Crear | Knight |
| 17:21 | Crear | Knight |
| 17:39 | Crear | Spearman |
| 17:56 | Crear | Villager (Male) |
| 17:56 | Crear | Villager (Male) |
| 18:00 | Construir | Farm |
| 18:00 | Construir | Farm |
| 18:01 | Construir | Farm |
| 18:02 | Construir | Farm |
| 18:39 | Crear | Villager (Male) |
| 18:39 | Crear | Villager (Male) |
| 18:39 | Crear | Villager (Male) |
| 18:40 | Crear | Villager (Male) |
| 18:45 | Investigar | Horse Collar |
| 19:14 | Crear | Knight |
| 19:14 | Crear | Knight |
| 19:20 | Construir | Farm |
| 19:21 | Construir | Farm |
| 19:25 | Crear | Villager (Male) |
| 19:25 | Crear | Villager (Male) |
| 19:29 | Construir | Farm |
| 19:36 | Crear | Villager (Male) |
| 19:37 | Crear | Villager (Male) |
| 20:04 | Construir | Farm |
| 20:05 | Construir | Farm |
| 20:12 | Crear | Villager (Male) |
| 20:12 | Crear | Villager (Male) |
| 20:13 | Crear | Knight |
| 20:13 | Crear | Knight |
| 20:22 | Construir | House |
| 20:23 | Construir | House |
| 20:25 | Construir | House |
| 20:44 | Construir | Stable |
| 20:50 | Crear | Knight |
| 20:51 | Crear | Knight |
| 20:59 | Investigar | Bow Saw |
| 21:05 | Crear | Villager (Male) |
| 21:05 | Crear | Villager (Male) |
| 21:10 | Crear | Villager (Male) |
| 21:11 | Crear | Villager (Male) |
| 21:11 | Crear | Villager (Male) |
| 21:11 | Crear | Villager (Male) |
| 21:26 | Investigar | Husbandry |
| 21:47 | Crear | Monk |
| 21:58 | Construir | Town Center |
| 22:02 | Crear | Villager (Male) |
| 22:02 | Crear | Villager (Male) |
| 22:16 | Investigar | Forging |
| 22:41 | Crear | Villager (Male) |
| 22:41 | Crear | Villager (Male) |
| 22:56 | Crear | Villager (Male) |
| 22:57 | Crear | Villager (Male) |
| 22:57 | Crear | Villager (Male) |
| 22:57 | Crear | Villager (Male) |
| 23:01 | Construir | House |
| 23:03 | Construir | House |
| 23:04 | Construir | House |
| 23:05 | Construir | House |
| 23:06 | Construir | House |
| 23:23 | Construir | Stable |
| 23:25 | Crear | Knight |
| 23:25 | Crear | Knight |
| 23:25 | Crear | Knight |
| 23:40 | Crear | Knight |
| 23:40 | Crear | Knight |
Build order — Tutmosis
Primeras 150 de 186 acciones detectadas
| 0:01 | Crear | Villager (Male) |
| 0:03 | Construir | House |
| 0:05 | Construir | House |
| 0:08 | Crear | Villager (Male) ×3 |
| 1:37 | Crear | Villager (Male) |
| 2:04 | Crear | Villager (Male) |
| 2:27 | Crear | Villager (Male) |
| 2:57 | Crear | Villager (Male) |
| 3:06 | Construir | House |
| 3:07 | Construir | House |
| 3:18 | Crear | Villager (Male) |
| 3:32 | Construir | Mill |
| 3:38 | Crear | Villager (Male) |
| 3:53 | Crear | Villager (Male) |
| 4:26 | Crear | Villager (Male) |
| 4:48 | Crear | Villager (Male) |
| 4:48 | Crear | Villager (Male) |
| 5:16 | Construir | Lumber Camp |
| 6:06 | Crear | Villager (Male) ×2 |
| 6:43 | Crear | Villager (Male) ×5 |
| 6:44 | Crear | Villager (Male) |
| 6:44 | Crear | Villager (Male) |
| 7:05 | Crear | Villager (Male) ×2 |
| 7:05 | Crear | Villager (Male) ×2 |
| 7:20 | Crear | Villager (Male) ×5 |
| 7:54 | Construir | Mining Camp |
| 8:21 | Investigar | Feudal Age |
| 8:29 | Construir | Farm |
| 8:30 | Construir | Farm |
| 9:01 | Construir | Farm |
| 9:01 | Construir | Farm |
| 9:02 | Construir | Farm |
| 9:40 | Crear | Villager (Male) |
| 9:41 | Crear | Villager (Male) |
| 9:43 | Crear | Villager (Male) |
| 9:44 | Crear | Villager (Male) |
| 10:01 | Construir | Farm |
| 10:02 | Construir | Farm |
| 10:29 | Construir | House |
| 10:46 | Edad | Edad Feudal |
| 11:14 | Construir | Market |
| 11:42 | Construir | Farm |
| 12:41 | Construir | Blacksmith |
| 12:45 | Crear | Villager (Male) |
| 12:45 | Crear | Villager (Male) |
| 13:30 | Investigar | Double-Bit Axe |
| 13:33 | Investigar | Horse Collar |
| 13:36 | Investigar | Castle Age |
| 13:43 | Construir | House |
| 13:44 | Construir | House |
| 13:45 | Construir | House |
| 13:53 | Investigar | Gold Mining |
| 15:16 | Investigar | Wheelbarrow |
| 15:25 | Construir | House |
| 15:26 | Construir | House |
| 15:27 | Construir | House |
| 15:28 | Construir | House |
| 16:16 | Edad | Edad de los Castillos |
| 16:20 | Construir | Town Center |
| 16:30 | Crear | Villager (Male) |
| 16:46 | Construir | Town Center |
| 16:57 | Crear | Villager (Male) ×5 |
| 16:57 | Crear | Villager (Male) ×5 |
| 16:58 | Crear | Villager (Male) |
| 17:45 | Crear | Villager (Male) ×2 |
| 17:58 | Construir | Farm |
| 17:59 | Construir | Farm |
| 18:12 | Crear | Villager (Male) ×2 |
| 18:45 | Construir | Farm |
| 18:46 | Construir | Farm |
| 18:46 | Construir | Farm |
| 18:54 | Construir | Farm |
| 18:54 | Construir | Farm |
| 18:59 | Crear | Villager (Male) ×2 |
| 19:12 | Construir | Farm |
| 19:15 | Construir | Farm |
| 19:20 | Crear | Villager (Male) ×2 |
| 19:47 | Construir | House |
| 19:48 | Construir | House |
| 19:49 | Construir | House |
| 19:50 | Construir | House |
| 19:57 | Crear | Villager (Male) ×2 |
| 20:32 | Construir | Farm |
| 20:32 | Construir | Farm |
| 20:33 | Construir | Farm |
| 20:33 | Construir | Farm |
| 20:34 | Construir | Farm |
| 20:43 | Crear | Villager (Male) ×5 |
| 20:57 | Construir | Farm |
| 21:07 | Investigar | Heavy Plow |
| 21:10 | Crear | Villager (Male) |
| 21:29 | Crear | Villager (Male) |
| 21:58 | Construir | Farm |
| 21:59 | Construir | Farm |
| 21:59 | Construir | Farm |
| 22:05 | Crear | Villager (Male) ×5 |
| 22:24 | Construir | Farm |
| 22:25 | Construir | Farm |
| 22:31 | Crear | Villager (Male) ×5 |
| 22:39 | Construir | Farm |
| 22:39 | Construir | Farm |
| 22:40 | Construir | Farm |
| 22:41 | Construir | Farm |
| 22:41 | Construir | Farm |
| 22:42 | Construir | Farm |
| 22:53 | Crear | Villager (Male) ×3 |
| 23:26 | Construir | Farm |
| 23:27 | Construir | Farm |
| 23:39 | Investigar | Bow Saw |
| 23:47 | Investigar | Stone Mining |
| 23:49 | Crear | Villager (Male) ×4 |
| 23:59 | Crear | Villager (Male) ×3 |
| 24:10 | Construir | House |
| 24:11 | Construir | House |
| 24:12 | Construir | House |
| 24:13 | Construir | House |
| 24:19 | Crear | Villager (Male) ×4 |
| 24:46 | Crear | Villager (Male) ×5 |
| 24:56 | Construir | Farm |
| 24:56 | Construir | Farm |
| 24:57 | Construir | Farm |
| 24:57 | Construir | Farm |
| 24:58 | Construir | Farm |
| 25:03 | Crear | Villager (Male) ×5 |
| 25:41 | Investigar | Hand Cart |
| 25:52 | Crear | Villager (Male) ×5 |
| 26:06 | Construir | House |
| 26:07 | Construir | House |
| 26:10 | Construir | House |
| 26:12 | Construir | House |
| 26:59 | Construir | University |
| 27:04 | Construir | Monastery |
| 27:11 | Crear | Villager (Male) ×5 |
| 27:38 | Construir | Castle |
| 27:57 | Investigar | Imperial Age |
| 28:24 | Construir | Barracks |
| 28:24 | Construir | Barracks |
| 28:25 | Construir | Barracks |
| 28:25 | Construir | Barracks |
| 28:26 | Construir | Barracks |
| 28:26 | Construir | Barracks |
| 28:27 | Construir | Barracks |
| 28:34 | Investigar | Scale Mail Armor |
| 28:35 | Investigar | Forging |
| 28:39 | Investigar | Town Watch |
| 28:40 | Crear | Villager (Male) ×5 |
| 29:01 | Investigar | Stone Shaft Mining |
| 29:26 | Construir | House |
| 29:26 | Construir | House |
| 29:27 | Construir | House |
Cronología de la partida
| 10:25 | Rovey · age_up feudal |
| 10:46 | Tutmosis · age_up feudal |
| 10:57 | LMG_Leonardo · age_up feudal |
| 11:09 | abichonk · age_up feudal |
| 11:22 | LMG_HERA DE TEMU · age_up feudal |
| 12:11 | LMG_SON SABANDIJAS · age_up feudal |
| 13:03 | LMG_HERA DE TEMU · first_building Barracks |
| 13:32 | LMG_SON SABANDIJAS · first_market_buy 100 food |
| 13:35 | LMG_SON SABANDIJAS · first_market_sell 100 wood |
| 14:19 | LMG_HERA DE TEMU · first_building Stable |
| 14:52 | LMG_Leonardo · age_up castle |
| 14:53 | LMG_Leonardo · first_market_buy 100 stone |
| 14:59 | LMG_Leonardo · first_building Castle |
| 15:04 | LMG_Leonardo · first_building Monastery |
| 15:21 | LMG_HERA DE TEMU · age_up castle |
| 15:28 | LMG_HERA DE TEMU · first_building Monastery |
| 16:06 | abichonk · age_up castle |
| 16:07 | Rovey · first_market_buy 100 food |
| 16:16 | Tutmosis · age_up castle |
| 16:31 | LMG_SON SABANDIJAS · age_up castle |
| 16:35 | LMG_SON SABANDIJAS · first_building Siege Workshop |
| 16:41 | Rovey · first_market_sell 100 wood |
| 16:45 | LMG_SON SABANDIJAS · first_building Monastery |
| 18:27 | LMG_SON SABANDIJAS · first_building Barracks |
| 19:23 | LMG_Leonardo · first_building Barracks |
| 19:42 | LMG_SON SABANDIJAS · first_building Archery Range |
| 20:29 | Rovey · age_up castle |
| 20:46 | Rovey · first_building Castle |
| 20:51 | LMG_Leonardo · first_building Stable |
| 21:09 | LMG_HERA DE TEMU · first_market_buy 100 food |
| 21:27 | LMG_SON SABANDIJAS · age_up imperial |
| 21:51 | abichonk · first_building Barracks |
| 22:24 | Rovey · first_building Barracks |
| 22:33 | abichonk · first_building Stable |
| 23:59 | Rovey · wall_segment Stone Wall x5 |
| 24:44 | Rovey · wall_segment Stone Wall x7 |
| 25:05 | Rovey · age_up imperial |
| 25:10 | Rovey · first_building Siege Workshop |
| 27:04 | Tutmosis · first_building Monastery |
| 27:27 | abichonk · first_building Monastery |
| 27:38 | Tutmosis · first_building Castle |
| 27:53 | abichonk · first_market_sell 100 wood |
| 27:54 | abichonk · first_market_buy 100 food |
| 28:24 | Tutmosis · first_building Barracks |
| 30:18 | LMG_Leonardo · first_building Siege Workshop |
| 30:45 | Rovey · resign |
| 31:28 | abichonk · age_up imperial |
| 31:28 | Tutmosis · age_up imperial |
| 34:04 | LMG_Leonardo · first_building Archery Range |
| 34:14 | abichonk · first_building Archery Range |
[ ANÁLISIS IA · 1 CRÉDITO ]
¿Qué pasó realmente en esta partida?
Wolo.gg analiza cada decisión: build order, eco, micro, errores típicos por bracket. Análisis personalizado por WhatsApp o Discord en 30 segundos.
Guía civ
Turcos
Perfil
Jugador #12010648